 Dungeon Crawl Stone Soup version 0.22-a0-162-g33bf127 (webtiles) character file.

6715 mhoghedin the Transmogrifier (level 11, 0/87 HPs)
             Began as a Naga Transmuter on Feb 12, 2018.
             Was a High Priest of Hepliaklqana.
             Slain by a yak (14 damage)
             ... on level 1 of the Lair of Beasts.
             The game lasted 00:29:42 (9887 turns).

mhoghedin the Transmogrifier (Naga Transmuter)      Turns: 9887, Time: 00:29:44

Health: 0/87       AC:  2    Str: 13    XL:     11   Next: 4%
Magic:  12/15      EV: 24    Int: 14    God:    Hepliaklqana [*****.]
Gold:   595        SH:  0    Dex: 19    Spells: 1/15 levels left

rFire    . . .     SeeInvis +     - Unarmed
rCold    . . .     Gourm    .   (shield currently unavailable)
rNeg     + . .     Faith    .   (armour currently unavailable)
rPois    x         Spirit   .   (helmet currently unavailable)
rElec    .         Reflect  .   (cloak currently unavailable)
rCorr    .         Harm     .   (gloves currently unavailable)
MR       ++...                  (no barding)
Stlth    ++........             (no amulet)
HPRegen  0.24/turn              f - ring of positive energy {rN+}
MPRegen  0.14/turn              g - ring of protection from magic {MR+, !d}

@: spider-form
A: tiny, reduced essence, see invisible, slow metabolism 1, spit poison 1, AC +3
a: Spit Poison, End Transformation, Recall Ancestor, Ancestor Identity,
Transference, Idealise, Renounce Religion


You were on level 1 of the Lair of Beasts.
You worshipped Hepliaklqana.
Hepliaklqana was extremely pleased with you.
You were very hungry.
You were a venomous arachnid creature.
You visited 2 branches of the dungeon, and saw 9 of its levels.
You also visited: Sewer.

You collected 595 gold pieces.

Inventory:

Missiles
 a - 178 arrows
 e - 2 throwing nets {=f, !d}
Armour
 p - a +2 helmet of intelligence (melded)
   (You took it off Robin on level 2 of the Dungeon)
 C - a +0 buckler (melded)
   (You found it on level 5 of the Dungeon)
 D - a +0 cloak (melded)
   (You found it on level 6 of the Dungeon)
 F - a +2 robe of magic resistance (melded)
   (You took it off Psyche on level 8 of the Dungeon)
Magical Staves
 I - an uncursed staff of power {MP+17, !a}
   (You found it on level 8 of the Dungeon)
Jewellery
 f - a ring of positive energy (left front leg) {rN+}
   (You found it on level 3 of the Dungeon)
 g - a ring of protection from magic (right front leg) {MR+, !d}
   (You found it on level 3 of the Dungeon)
 m - an uncursed ring of resist corrosion
   (You found it on level 3 of the Dungeon)
Wands
 b - a wand of disintegration (11)
   (You found it on level 8 of the Dungeon)
 x - a wand of polymorph (10)
   (You found it on level 6 of the Dungeon)
 E - a wand of iceblast (7)
   (You found it on level 7 of the Dungeon)
 H - a wand of digging (8)
   (You found it on level 8 of the Dungeon)
 J - a wand of random effects (16)
   (You found it on level 8 of the Dungeon)
Scrolls
 h - a scroll of enchant weapon
 l - 2 scrolls of teleportation
 n - 3 scrolls of remove curse {unknown}
 q - a scroll of enchant armour
 r - 2 scrolls of magic mapping {unknown}
 u - a scroll of blinking {unknown}
 v - a scroll of immolation {unknown}
 y - 2 scrolls of fog
 A - 2 scrolls of identify
Potions
 i - a potion of resistance
 j - 5 potions of curing
 k - 4 potions of brilliance
 s - a potion of haste {unknown}
 t - 2 potions of flight {unknown}
 z - a potion of ambrosia
 B - 2 potions of lignification {unknown}
 G - a potion of berserk rage {unknown}
Books
 c - a book of Changes
 o - a book of Dreams
   (You found it in a sewer)
 w - a book of Geomancy
   (You found it on level 4 of the Dungeon)
Comestibles
 d - 10 rations


   Skills:
 + Level 6.1 Fighting
 + Level 5.3 Dodging
 - Level 2.4 Shields
 - Level 8.2 Unarmed Combat
 - Level 2.8 Spellcasting
 + Level 8.4 Transmutations
 - Level 5.0 Ice Magic
 - Level 4.1 Poison Magic
 - Level 4.5 Invocations


You had one spell level left.
You knew the following spells:

 Your Spells              Type           Power        Failure   Level  Hunger
a - Ice Form              Ice/Tmut       ###.....     32%         4    #####..
c - Spider Form           Tmut/Pois      ###.......   14%         3    ###....
s - Sticks to Snakes      Tmut           ####....     5%          2    ##.....
x - Blade Hands           Tmut           ####......   38%         5    ######.


Dungeon Overview and Level Annotations

Branches:
Dungeon (8/15)             Temple (0/1) D:6            Lair (1/6) D:8

Altars:
Fedhas
Hepliaklqana
Nemelex Xobeh
Sif Muna
Trog
Uskayaw
Vehumet
Yredelemnul
Zin

Shops:
D:4 *   D:7 *

Annotations:
D:3 exclusion: 4 doors
D:6 exclusion: statue


Innate Abilities, Weirdness & Mutations

You cannot wear boots.
((Your serpentine skin is tough. (AC +3)))
You have supernaturally acute eyesight. (SInv)
((Armour fits poorly on your strangely shaped body.))
((Your system is resistant to poisons. (rPois)))
((You cover ground very slowly.))
You have a slow metabolism.
You can spit poison.
Your life essence is reduced to manifest your ancestor. (-10% HP)


Message History

Your ball python dies!
Your ball python closely misses the yak.
You bite the yak!
The yak is poisoned.
Your ball python bites the yak.
The yak gores you.
You take 6 damage, and have 68/81 hp.
You hit the yak but do no damage.
Your ball python bites the fungus.
Your ball python constricts the fungus.
The yak gores your ball python!
Your ball python dies!
Your ball python bites the yak but does no damage.
Your ball python loses its grip on the fungus.
Sinnashi hits the fungus with a quarterstaff!!
The yak gores your ball python!
Your ball python dies!
You barely miss the yak.
Your ball python bites the yak but does no damage.
The yak completely misses you.
Sinnashi hits the fungus with a quarterstaff!
The fungus is destroyed!
You hit the yak.
The yak looks as sick as possible!
Your ball python bites the yak but does no damage.
The yak closely misses you. The yak gores your ball python.
Your ball python dies!
You hit the yak.
The yak looks as sick as possible!
The yak gores you!! The yak completely misses you. The yak closely misses you.
You take 18 damage, and have 51/81 hp.
MASSIVE DAMAGE!!
Unknown command.
The yak closely misses Sinnashi.
Sinnashi hits the yak with a quarterstaff!
The yak dies!
You don't have enough magic at the moment.
Unknown command.
The yak gores Sinnashi!
Sinnashi hits the yak with a quarterstaff.
You hit the yak.
The yak is poisoned.
The yak gores Sinnashi!
Sinnashi hits the yak with a quarterstaff!!
The yak misses you.
You don't have enough magic at the moment.
Unknown command.
You are confused.
You feel invigorated.
The yak barely misses Sinnashi.
The yak misses you.
Sinnashi hits the yak with a quarterstaff.
The yak completely misses you.
You regained 5 hp, and now have 57/81 hp.
You regained 3 mp, and now have 6/14 mp.
Unknown command.
The yak gores Sinnashi.
The yak gores you!
Sinnashi hits the yak with a quarterstaff!
The yak dies!
Your Fighting skill increases to level 6!
You have reached level 11!
The yak gores you!
You take 19 damage, and have 38/87 hp.
MASSIVE DAMAGE!!
You regained 4 mp, and now have 10/15 mp.
The yak gores you!!
* * * LOW HITPOINT WARNING * * *
The yak misses you.
Sinnashi closely misses the yak.
You take 14 damage, and have 24/87 hp.
You regained 4 mp, and now have 14/15 mp.
Unknown command.
You're too confused!
The yak gores you!
* * * LOW HITPOINT WARNING * * *
The yak closely misses you. The yak gores you.
* * * LOW HITPOINT WARNING * * *
Sinnashi barely misses the yak.
You take 8 damage, and have 16/87 hp.
MP restored: 15 Unknown command.
The yak completely misses you. x2; The yak gores you.
* * * LOW HITPOINT WARNING * * *
Unknown command.
You feel less invigorated.
You feel less confused. The yak misses you.
Sinnashi closely misses the yak.
The yak barely misses you. The yak completely misses you.
You regained 4 hp, and now have 21/87 hp.
Unknown command.
Hepliaklqana grants Sinnashi healing and protection!
Sinnashi is healed somewhat.
The yak barely misses you.
Sinnashi hits the yak with a quarterstaff!!
The yak gores you.
* * * LOW HITPOINT WARNING * * *
The yak closely misses you.
You take 2 damage, and have 19/87 hp.
You now have 11/15 mp.
Unknown command.
Unknown command.
You feel better. The yak gores you.
* * * LOW HITPOINT WARNING * * *
Sinnashi points at the yak and mumbles some strange words.
The stone arrow hits the yak.
The yak dies!
The yak gores you!
* * * LOW HITPOINT WARNING * * *
You take 5 damage, and have 14/87 hp.
Unknown command.
You bite the yak!
The yak looks as sick as possible!
The yak gores you!
You die...

#.....# ...
#.....# ....
##.....##....
#......#....
#........... #.
#..(...#....
#.##...†.......
##.##YY†R###...
#..###s..##...
#.............
#.............
#^............
#.............
##.#..#####....
#..##..##.#.....
##.##....## ....
#.##....##.....


You could see the friendly Sinnashi the battlemage and 2 yaks.

Vanquished Creatures
  Nergalle (Lair:1)
  Psyche (D:8)
  3 spiny frogs (Lair:1)
  A hippogriff (D:7)
  A hungry ghost (D:7)
  A water moccasin (Lair:1)
  A phantom (D:2)
  A sky beast (D:8)
  An ogre (D:6)
  2 ice beasts
  A centaur (D:7)
  3 wolves (D:8)
  4 bullfrogs
  A scorpion (D:7)
  3 wights (D:6)
  A howler monkey (D:5)
  A jelly (D:6)
  An orc priest (D:7)
  A centaur skeleton (D:8)
  An iguana (D:5)
  3 worker ants
  A hound skeleton (D:7)
  A worker ant zombie (D:6)
  Robin (D:2)
  7 gnolls
  4 adders
  An adder skeleton (D:8)
  2 worms
  A dart slug (D:1)
  7 leopard geckos
  6 orcs
  6 giant cockroaches
  2 gnoll zombies (D:4)
  10 goblins
  9 hobgoblins
  14 jackals
  4 quokkas
  2 ball pythons (Sewer)
  6 bats
  11 frilled lizards
  4 kobolds
  A quokka skeleton (D:4)
  6 rats
139 creatures vanquished.

Vanquished Creatures (collateral kills)
  A komodo dragon (Lair:1)
  Sigmund (D:5)
  A wyvern (Lair:1)
  3 yaks (Lair:1)
  Grum (D:8)
  Eustachio (D:5)
  Edmund (D:5)
  2 porcupines (Lair:1)
  A sky beast (D:6)
  2 orc warriors (D:7)
  An ice beast (D:8)
  An ogre (D:5)
  A phantom (D:7)
  A wolf (D:8)
  A centaur (D:6)
  A big kobold (D:7)
  Blork the orc (D:5)
  A scorpion (D:5)
  A crimson imp (D:6)
  A quasit (D:7)
  A centaur zombie (D:7)
  3 hounds
  2 orc priests
  Jessica (D:3)
  2 iguanas
  An orc wizard (D:5)
  3 worker ants
  A hound zombie (D:7)
  2 gnolls (D:3)
  7 adders
  An adder zombie (D:7)
  2 worms
  A dart slug (D:4)
  3 leopard geckos
  14 orcs
  A bat (D:3)
  3 giant cockroaches
  2 goblins (D:2)
  A hobgoblin (D:3)
  8 jackals
  2 kobolds (D:7)
  A quokka (D:4)
  A ball python (Sewer)
  A quokka zombie (D:6)
  A rat (D:3)
  A fungus (Lair:1)
90 creatures vanquished.

Vanquished Creatures (others)
  4 battlemagi
  2 ancestors
  A goblin (D:2)
7 creatures vanquished.

Grand Total: 236 creatures vanquished

Notes
Turn   | Place    | Note
-------+----------+-------------------------------------------
     0 | D:1      | mhoghedin the Naga Transmuter began the quest for the Orb.
     0 | D:1      | Reached XP level 1. HP: 18/18 MP: 3/3
    82 | D:1      | HP: 2/18 [leopard gecko (4)]
   659 | D:1      | Reached XP level 2. HP: 20/25 MP: 3/5
   827 | D:1      | Learned a level 2 spell: Sticks to Snakes
  1247 | D:1      | Reached XP level 3. HP: 31/31 MP: 6/6
  1672 | D:2      | Reached skill level 3 in Transmutations
  1678 | D:2      | Learned a level 3 spell: Spider Form
  1803 | D:2      | Found a hazy altar of Hepliaklqana.
  1818 | D:2      | Noticed Robin
  1826 | D:2      | Became a worshipper of Hepliaklqana the Forgotten
  2153 | D:2      | Reached XP level 4. HP: 21/34 MP: 3/7
  2158 | D:2      | Killed Robin
  2158 | D:2      | Reached skill level 1 in Poison Magic
  2173 | D:2      | Reached skill level 4 in Unarmed Combat
  2324 | D:2      | Found a blossoming altar of Fedhas.
  2484 | D:2      | Noticed a phantom
  2516 | D:2      | Killed a phantom
  2516 | D:2      | Reached skill level 2 in Poison Magic
  2516 | D:2      | Reached XP level 5. HP: 21/39 MP: 5/8
  2766 | D:3      | Learned a level 4 spell: Ice Form
  2894 | D:3      | Found a deep blue altar of Sif Muna.
  2900 | D:3      | Noticed Jessica
  2904 | D:3      | Killed Jessica
  2936 | D:3      | Reached XP level 6. HP: 45/45 MP: 5/10
  3261 | D:3      | Reached skill level 3 in Poison Magic
  3294 | D:3      | Found a blossoming altar of Fedhas.
  3336 | D:3      | Reached * piety under Hepliaklqana
  3697 | D:3      | Reached skill level 4 in Transmutations
  3941 | D:4      | Found a glowing drain.
  3964 | Sewer    | Entered a sewer
  4188 | Sewer    | Reached skill level 5 in Unarmed Combat
  4188 | Sewer    | Reached skill level 4 in Poison Magic
  4188 | Sewer    | Reached XP level 7. HP: 27/51 MP: 7/11
  4421 | D:4      | Reached ** piety under Hepliaklqana
  4422 | D:4      | Remembered your ancestor Sinnashi as a battlemage
  4441 | D:4      | Found Poodyng's Assorted Antiques.
  4715 | D:4      | Found a basalt altar of Yredelemnul.
  4792 | D:5      | Entered Level 5 of the Dungeon
  4817 | D:5      | Reached skill level 1 in Ice Magic
  4919 | D:5      | Noticed Blork the orc
  4927 | D:5      | Killed Blork the orc
  4933 | D:5      | Found a deep blue altar of Sif Muna.
  4979 | D:5      | Noticed Edmund
  4993 | D:5      | Killed Edmund
  4993 | D:5      | Reached skill level 5 in Transmutations
  4993 | D:5      | Reached skill level 2 in Ice Magic
  5036 | D:5      | Reached *** piety under Hepliaklqana
  5117 | D:5      | Reached XP level 8. HP: 41/57 MP: 8/12
  5344 | D:5      | Found a bloodstained altar of Trog.
  5346 | D:5      | Noticed Sigmund
  5352 | D:5      | Killed Sigmund
  5352 | D:5      | Reached skill level 6 in Unarmed Combat
  5352 | D:5      | Reached skill level 3 in Ice Magic
  5425 | D:5      | Reached skill level 6 in Transmutations
  5521 | D:5      | Noticed Eustachio
  5534 | D:5      | Killed Eustachio
  5766 | D:5      | Found a sparkling altar of Nemelex Xobeh.
  5995 | D:6      | Found a staircase to the Ecumenical Temple.
  6133 | D:6      | Reached **** piety under Hepliaklqana
  6154 | D:6      | Reached skill level 1 in Shields
  6157 | D:6      | Reached skill level 7 in Unarmed Combat
  6309 | D:6      | Found a radiant altar of Vehumet.
  6356 | D:6      | Reached XP level 9. HP: 45/63 MP: 10/13
  6367 | D:6      | Reached skill level 4 in Ice Magic
  6641 | D:6      | Reached skill level 2 in Shields
  6763 | D:6      | Found a hide-covered altar of Uskayaw.
  6892 | D:6      | Found a runed door.
  6896 | D:6      | Noticed Crazy Yiuf
  6899 | D:6      | Noticed Crazy Yiuf
  6899 | D:6      | Crazy Yiuf changed into Crazy Yiuf the ice beast
  6905 | D:6      | Killed Crazy Yiuf the ice beast
  6905 | D:6      | Reached skill level 7 in Transmutations
  7032 | D:7      | Found a glowing silver altar of Zin.
  7034 | D:7      | Found Zin's Purification Station.
  7309 | D:7      | Reached skill level 5 in Ice Magic
  7312 | D:7      | Reached skill level 8 in Unarmed Combat
  7541 | D:7      | Reached ***** piety under Hepliaklqana
  7772 | D:7      | Reached skill level 2 in Fighting
  7772 | D:7      | Reached skill level 2 in Dodging
  7992 | D:8      | Found a staircase to the Lair.
  8182 | D:8      | Noticed Psyche
  8197 | D:8      | Killed Psyche
  8197 | D:8      | Reached skill level 3 in Fighting
  8197 | D:8      | Reached skill level 3 in Dodging
  8197 | D:8      | Reached skill level 2 in Invocations
  8197 | D:8      | Reached XP level 10. HP: 53/75 MP: 11/14
  8434 | D:8      | Noticed Grum
  8442 | D:8      | Killed Grum
  8462 | D:8      | Reached skill level 4 in Fighting
  8462 | D:8      | Reached skill level 3 in Invocations
  8950 | Lair:1   | Entered Level 1 of the Lair of Beasts
  8966 | Lair:1   | Noticed Nergalle
  8974 | Lair:1   | Killed Nergalle
  8974 | Lair:1   | Reached skill level 4 in Dodging
  8974 | Lair:1   | Reached skill level 4 in Invocations
  9173 | Lair:1   | Learned a level 5 spell: Blade Hands
  9338 | Lair:1   | Reached skill level 5 in Fighting
  9617 | Lair:1   | Noticed a spiny frog
  9623 | Lair:1   | Killed a spiny frog
  9634 | Lair:1   | Noticed a spiny frog
  9640 | Lair:1   | Noticed a spiny frog
  9646 | Lair:1   | Killed a spiny frog
  9646 | Lair:1   | Reached skill level 8 in Transmutations
  9649 | Lair:1   | Killed a spiny frog
  9649 | Lair:1   | Reached skill level 5 in Dodging
  9880 | Lair:1   | Reached skill level 6 in Fighting
  9880 | Lair:1   | Reached XP level 11. HP: 55/87 MP: 10/15
  9882 | Lair:1   | HP: 17/87 [yak (10)]
  9887 | Lair:1   | Slain by a yak

Vault maps used:
D:1:      minmay_arrival_widening_spiral_wide, hangedman_decor_slide_cut
D:2:      overflow_temple_1_default, overflow_temple_1_default, uniq_robin
D:3:      lemuel_castle_with_subvaults, nicolae_overflow_hidden_temple,
          kennysheep_flooded_box, uniq_jessica
D:4:      lemuel_zombie_altar_yredelemnul, serial_shops, shop,
          cheibrodos_sewer_entry_drain
D:5:      nemelex_xobeh_ov_fountains_minmay, first_ration, basic_altar,
          minmay_hedge_maze, tgw_sif, uniq_eustachio, uniq_edmund, uniq_sigmund
D:6:      kennysheep_mini_moat, vehumet_statue, minmay_temple_entry_crystal_x,
          uniq_crazy_yiuf_cottage, uniq_blork_the_orc
D:7:      zin_purify
D:8:      dpeg_oklobed_lair, uniq_psyche, uniq_grum
Lair:1:   minmay_stone_trees_small, uniq_nergalle
Sewer:    sewer_frog_island_01

Skill      XL: |  1  2  3  4  5  6  7  8  9 10 |
---------------+-------------------------------+-----
Transmutations | 3 4 5 6 7 8 |  8.4
Poison Magic   | 2 4 |  4.1
Unarmed Combat | 4 5 7 8 |  8.2
Ice Magic      | 2 3 5 |  5.0
Shields        | 1 2 |  2.4
Fighting       | 3 6 |  6.1
Dodging        | 3 5 |  5.3
Invocations    | 2 4 |  4.5
Spellcasting   | |  2.8

Action                   |  1- 3 |  4- 6 |  7- 9 | 10-12 || total
-------------------------+-------+-------+-------+-------++-------
Melee: Unarmed           |    95 |   166 |   231 |    84 ||   576
       Headbutt          |    12 |       |       |       ||    12
       Punch             |     2 |     1 |     1 |       ||     4
 Cast: Beastly Appendage |    18 |       |       |       ||    18
       Spider Form       |     1 |    15 |    24 |     8 ||    48
       Sticks to Snakes  |       |       |    13 |     7 ||    20
       Ice Form          |       |       |     2 |     2 ||     4
Invok: Recall Ancestor   |     1 |     1 |       |       ||     2
       Ancestor Life: Ba |       |       |     1 |       ||     1
       Idealise          |       |       |       |     2 ||     2
 Abil: Spit Poison       |     9 |     2 |       |       ||    11
Evoke: Wand              |       |     8 |     1 |       ||     9
  Use: Scroll            |       |     7 |     4 |       ||    11
       Potion            |       |     1 |     1 |     2 ||     4
 Stab: Distracted        |       |     1 |     4 |       ||     5
       Invisible         |       |       |     2 |       ||     2
       Sleeping          |       |       |     1 |       ||     1
  Eat: Chunk             |     3 |     5 |     8 |     4 ||    20
       Ration            |       |     1 |     2 |       ||     3
Armor: Robe              |    34 |    47 |    47 |     8 ||   136
       Skin              |     1 |     4 |     9 |     1 ||    15
Dodge: Dodged            |    81 |   136 |   196 |    90 ||   503
Block: Buckler           |       |       |    10 |     4 ||    14

Table legend:
 A = Spawn XP
 B = Non-spawn XP
 C = Spawn XP percentage of total XP
 D = Spawn monster count
 E = Non-spawn monster count
 F = Spawn count percentage of total count
 G = Total turns spent on level
                    A         B        C        D         E        F      G
               +---------+---------+-------+---------+---------+-------+---------
         Total |       0 |    9593 |   0.0 |       0 |     228 |   0.0 |  9887
               +---------+---------+-------+---------+---------+-------+---------
           D:1 |       0 |      45 |   0.0 |       0 |      25 |   0.0 |  1780
           D:2 |       0 |     214 |   0.0 |       0 |      25 |   0.0 |   965
           D:3 |       0 |     161 |   0.0 |       0 |      32 |   0.0 |  1082
           D:4 |       0 |      71 |   0.0 |       0 |      13 |   0.0 |   560
           D:5 |       0 |    1109 |   0.0 |       0 |      28 |   0.0 |  1122
           D:6 |       0 |     998 |   0.0 |       0 |      24 |   0.0 |  1084
           D:7 |       0 |    1413 |   0.0 |       0 |      24 |   0.0 |   980
           D:8 |       0 |    1536 |   0.0 |       0 |      22 |   0.0 |   972
        Lair:1 |       0 |    3806 |   0.0 |       0 |      14 |   0.0 |   937
         Sewer |       0 |     240 |   0.0 |       0 |      21 |   0.0 |   405
               +---------+---------+-------+---------+---------+-------+---------

Vault maps used:
D:1:      minmay_arrival_widening_spiral_wide, hangedman_decor_slide_cut
D:2:      overflow_temple_1_default, overflow_temple_1_default, uniq_robin
D:3:      lemuel_castle_with_subvaults, nicolae_overflow_hidden_temple,
          kennysheep_flooded_box, uniq_jessica
D:4:      lemuel_zombie_altar_yredelemnul, serial_shops, shop,
          cheibrodos_sewer_entry_drain
D:5:      nemelex_xobeh_ov_fountains_minmay, first_ration, basic_altar,
          minmay_hedge_maze, tgw_sif, uniq_eustachio, uniq_edmund, uniq_sigmund
D:6:      kennysheep_mini_moat, vehumet_statue, minmay_temple_entry_crystal_x,
          uniq_crazy_yiuf_cottage, uniq_blork_the_orc
D:7:      zin_purify
D:8:      dpeg_oklobed_lair, uniq_psyche, uniq_grum
Lair:1:   minmay_stone_trees_small, uniq_nergalle
Sewer:    sewer_frog_island_01

Table legend:
 A = Turns spent in this place as a percentage of turns spent in the entire game.
 B = Non-inter-level travel turns spent in this place as a percentage of non-inter-level travel turns spent in the entire game.
 C = Inter-level travel turns spent in this place as a percentage of turns spent in this place.
 D = Turns resting spent in this place as a percentage of non-inter-level travel turns spent in this place.
 E = Turns spent auto-exploring this place as a percentage of non-inter-level travel turns spent in this place.
 F = Non-inter-level travel turns spent in this place divided by the number of levels of this place that you've seen.
                   A       B       C       D       E      F
               +-------+-------+-------+-------+-------+----------------------
         Total | 100.0 | 100.0 |   2.8 |  33.1 |  46.0 | 961.4
       Dungeon |  86.4 |  86.0 |   3.2 |  29.2 |  50.5 | 1034.0
          Lair |   9.5 |   9.7 |   0.0 |  66.0 |  16.5 | 937.0
         Sewer |   4.1 |   4.2 |   0.0 |  36.0 |  21.0 | 405.0
               +-------+-------+-------+-------+-------+----------------------

Table legend:
 A = Kills in this place as a percentage of kills in entire the game.
 B = Kills by you in this place as a percentage of kills by you in the entire game.
 C = Kills by friends in this place as a percentage of kills by friends in the entire game.
 D = Other kills in this place as a percentage of other kills in the entire game.
 E = Experience gained in this place as a percentage of experience gained in the entire game.
 F = Experience gained in this place divided by the number of levels of this place that you have seen.
                   A       B       C       D       E      F
               +-------+-------+-------+-------+-------+----------------------
         Total | 100.0 | 100.0 | 100.0 |   N/A | 100.0 | 959.3
       Dungeon |  84.6 |  82.7 |  87.6 |   N/A |  57.8 | 693.4
          Lair |   6.1 |   5.0 |   7.9 |   N/A |  39.7 | 3806.0
         Sewer |   9.2 |  12.2 |   4.5 |   N/A |   2.5 | 240.0
               +-------+-------+-------+-------+-------+----------------------
